 Dungeon Crawl Stone Soup version 0.19-a0-811-gf4045fb (webtiles) character file.

79 Stormbringer the Insei (level 4, 0/35 HPs)
             Began as a Mummy Monk on June 28, 2016.
             Killed from afar by Natasha (10 damage)
             ... with a magic dart
             ... on level 2 of the Dungeon.
             The game lasted 00:02:57 (1843 turns).

Stormbringer the Insei (Mummy Monk)                 Turns: 1843, Time: 00:02:58

Health: 0/35       AC:  1    Str: 14    XL:     4   Next: 16%
Magic:  4/4        EV: 13    Int:  9    God:
Gold:   50         SH:  0    Dex: 15    Spells: 0 memorised, 3 levels left

rFire  x . .     SeeInvis .       - Unarmed
rCold  + . .     Gourm    .     (no armour)
rNeg   + + +     Faith    .     (no shield)
rPois  ∞         Spirit   .     (no helmet)
rElec  .         Dismiss  .     b - +0 cloak (curse)
rCorr  .         Reflect  .     (no gloves)
SustAt .         Harm     .     (no boots)
MR     .....                    (no amulet)
Stlth  ++........               (no ring)
                                (no ring)

@: not resistant to hostile enchantments, unstealthy
A: no food or potions, fire vulnerability, cold resistance 1, negative energy
resistance 3, torment resistance, unbreathing
a: no special abilities


You were on level 2 of the Dungeon.
You were not hungry.

You visited 1 branch of the dungeon, and saw 2 of its levels.

You collected 50 gold pieces.


Innate Abilities, Weirdness & Mutations

You do not eat or drink.
Your flesh is vulnerable to fire.
You are immune to poison.
Your flesh is cold resistant. (rC+)
You are immune to negative energy. (rN+++)
You are immune to unholy pain and torment.
You can survive without breathing.


   Skills:
 - Level 3.0 Fighting
 + Level 2.7 Dodging
 - Level 1.5 Stealth
 - Level 4.0 Unarmed Combat


You had 3 spell levels left.
You didn't know any spells.

Inventory:

Missiles
 a - 12 poisoned needles (quivered)
Armour
 b - a cursed +0 cloak (worn)
Scrolls
 c - 2 scrolls of identify {unknown}
 d - a scroll of magic mapping {unknown}

Dungeon Overview and Level Annotations

Branches:
Dungeon (2/15)

Altars:

Annotations:
D:2 Natasha, Sigmund

▒▒.▒ ▒.▒ ▒... ..▒
▒.▒ ... ..▒ ▒▒.▒▒
▒▒
▒.▒▒▒▒.▒▒▒▒▒....
..
▒.▒....▒......▒▒
▒▒.
▒...▒▒.▒.▒▒▒.▒▒▒
▒)[ ▒........▒
▒.▒▒.
▒..▒▒r▒▒......▒▒▒
▒.▒▒.
▒.....Mh5▒.▒▒▒▒
▒.▒▒.
....▒▒▒▒▒▒...▒
▒.... . ▒...▒
▒▒▒▒. ▒...▒ ▒▒.
▒..(▒ ▒▒▒▒ ▒..
▒..... ..▒ ▒.▒
▒▒▒▒....▒▒▒▒.▒▒▒.▒
.............▒....
...............†).


You could see Natasha, a crimson imp and a rat.


Message History

You barely miss Natasha! Your punch misses Natasha! Natasha closely misses you!
The rat barely misses you!
You beat Natasha into a bloody pulp!
Natasha is lightly wounded!
Natasha barely misses you! The rat bites you!
You closely miss Natasha!
Natasha is lightly wounded!
Natasha claws you!!! * * * don't die
* * * The crimson imp blinks!!!
The rat closely misses you!
You barely miss Natasha!
Natasha is lightly wounded!
Natasha barely misses you!
You barely miss Natasha!
Natasha is lightly wounded!
The rat barely misses you!
Natasha hisses!
Natasha closely misses you!
You squash Natasha like an ant!
Natasha is heavily wounded!
The rat bites you! * * * don't die
* * * Natasha claws you! * * * don't die
* * * You squash Natasha like an ant!!!
Natasha is almost dead!
The rat closely misses you! Natasha casts a spell at you!
The magic dart hits you!!! rip

Action                   |  1- 3 |  4- 6 || total
-------------------------+-------+-------++-------
Melee: Unarmed           |   123 |    12 ||   135
 Stab: Sleeping          |     5 |       ||     5
Armor: Skin              |    16 |       ||    16
Dodge: Dodged            |   109 |    16 ||   125

Vault maps used:
D:1:      roderic_dead_forest
D:2:      minmay_split_cup_small, uniq_sigmund, uniq_jessica, uniq_natasha

Notes
Turn   | Place    | Note
--------------------------------------------------------------
     0 | D:1      | Stormbringer the Mummy Monk began the quest for the Orb.
     0 | D:1      | Reached XP level 1. HP: 18/18 MP: 1/1
   662 | D:1      | Reached skill level 3 in Unarmed Combat
   662 | D:1      | Reached XP level 2. HP: 18/24 MP: 2/2
  1059 | D:2      | Noticed Natasha
  1062 | D:2      | Noticed a crimson imp
  1069 | D:2      | Killed Natasha
  1069 | D:2      | Reached XP level 3. HP: 25/29 MP: 3/3
  1142 | D:2      | Noticed Sigmund
  1518 | D:2      | Reached skill level 4 in Unarmed Combat
  1818 | D:2      | Noticed Natasha
  1831 | D:2      | Reached XP level 4. HP: 25/35 MP: 4/4
  1843 | D:2      | Killed from afar by Natasha

Vanquished Creatures
  Natasha (D:2)
  2 adders
  An ooze (D:1)
  A worm (D:2)
  A dart slug (D:2)
  2 giant geckos
  A goblin (D:2)
  3 hobgoblins
  8 bats
  A giant newt (D:1)
  2 kobolds (D:1)
  6 rats
29 creatures vanquished.
